 Dungeon Crawl Stone Soup version 0.30.1-9-gdf580d7c3d (webtiles) character file.

Game seed: 3317032928279366820

4 Atelerd the Digger (level 1, 0/11 HPs)
             Began as an Octopode Earth Elementalist on Sept 24, 2023.
             Slain by a ball python (2 damage)
             ... on level 1 of the Dungeon.
             The game lasted 00:00:06 (87 turns).

Atelerd the Digger (Octopode Earth Elementalist)      Turns: 87, Time: 00:00:07

Health: 0/11       AC:  1    Str:  7    XL:     1   Next: 60%
Magic:  0/3        EV: 10    Int: 17    God:
Gold:   0          SH:  0    Dex: 12    Spells: 3/4 levels left

rFire   . . .        (no weapon)
rCold   . . .        (no shield)
rNeg    . . .        (helmet restricted)
rPois   .            (no amulet)
rElec   .            (no ring)
rCorr   .            (no ring)
SInv    .            (no ring)
Will    .....        (no ring)
Stlth   +++          (no ring)
HPRegen 0.21/turn    (no ring)
MPRegen 0.08/turn    (no ring)
                     (no ring)

%: no passive effects
@: constricted
A: almost no armour, amphibious, 8 rings, camouflage 1, gelatinous body 1,
(nimble swimmer 1), tentacles
a: no special abilities


You were on level 1 of the Dungeon.
You visited 1 branch of the dungeon, and saw 1 of its levels.

Inventory:

Potions
 a - a potion of magic


   Skills:
 - Level 2.0 Dodging
 - Level 2.6 Stealth
 + Level 2.0 Spellcasting
 + Level 1.0 Transmutations
 + Level 3.3 Earth Magic


You had 3 spell levels left.
You knew the following spells:

 Your Spells              Type           Power      Damage    Failure   Level
a - Sandblast             Erth           24%        2d8       4%          1

Your spell library contained the following spells:

 Spells                   Type           Power      Damage    Failure   Level
 Passwall                 Tmut/Erth      7%         N/A       12%         2
 Stone Arrow              Conj/Erth      14%        3d7       30%         3
 Petrify                  Tmut/Erth      9%         N/A       63%         4


Dungeon Overview and Level Annotations

Branches:
Dungeon (1/15)

Altars:


Innate Abilities, Weirdness & Mutations

You cannot wear most types of armour.
You are amphibious.
You can wear up to eight rings at the same time.
Your skin changes colour to match your surroundings (Stealth+).
Your rubbery body absorbs attacks. (AC +1, EV +1)
((You are camouflaged when in or above water. (Stealth+)))
You have tentacles for arms and can constrict up to eight enemies at once.


Message History

You constrict the kobold, but do no damage.
The kobold misses you.
You are out of magic!
There are monsters nearby!
You tentacle-slap the kobold but do no damage.
The kobold is moderately wounded.
You constrict the kobold, but do no damage.
The kobold hits you with a +0 whip.
You are out of magic!
A kobold is nearby!
You tentacle-slap the kobold but do no damage.
You squeeze the kobold, but do no damage.
You constrict the kobold, but do no damage.
The kobold hits you but does no damage.
You are out of magic!
There are monsters nearby!
You barely miss the kobold. You constrict the kobold. The kobold misses you.
You tentacle-slap the kobold.
The kobold is severely wounded.
You constrict the kobold.
You kill the kobold!
A ball python is nearby!
You are out of magic!
You tentacle-slap the ball python. Your grab misses the ball python.
The ball python is moderately wounded.
The ball python barely misses you. x2
A ball python is nearby!
You tentacle-slap the ball python but do no damage.
Your grab misses the ball python.
The ball python is moderately wounded.
The ball python misses you. The ball python grabs you.
The ball python constricts you. The ball python bites you.
* * * LOW HITPOINT WARNING * * *
The ball python constricts you.
* * * LOW HITPOINT WARNING * * *
You are too injured to fight recklessly!
Unknown command.
You closely miss the ball python. Your grab misses the ball python.
The ball python bites you.
You die...

..#.######..#...# ..#.#
##....##..#
#...###....###!.######
..........####.......#
#.........# #..#.#.#.##
##+....♣..###...#[#...#
# ##......##...#†..# #
###.......#..#$#...# ##
#....#..#.#@#.#..# .#
##........S......# .#
#+..#..#.#....#.# .#
#..............# ##
##............##
#.............#
#..............#
..............#


You could see a ball python.

Vanquished Creatures
  2 hobgoblins (D:1)
  A kobold (D:1)
3 creatures vanquished.

Notes
Turn   | Place    | Note
-------+----------+-------------------------------------------
     0 | D:1      | Atelerd the Octopode Earth Elementalist began the quest for
                  | the Orb.
     0 | D:1      | Reached XP level 1. HP: 11/11 MP: 3/3
    87 | D:1      | Slain by a ball python

Illustrated notes

Levels and vault maps discovered:
D:1:      nicolae_arrival_somewhat_less_tricky_arrival, layout_rooms,
          minmay_misc_feat_rugged, nicolae_eternal_life, minmay_tiny_reverse_x

Action                     || total
---------------------------++-------
  Melee: Unarmed           ||    15
         Constrict         ||     3
         Tentacles         ||     2
         Punch             ||     1
   Cast: Sandblast         ||     4
   Stab: Sleeping          ||     1
 Armour: Skin              ||     2
  Dodge: Dodged            ||    13
